 Dungeon Crawl Stone Soup version 0.24-a0-506-g958ff8eaa0 (webtiles) character file.

Game seed: 17433061317440455996

272 Atelerd the Conjurer (level 6, 0/36 HPs)
             Began as an Octopode Wizard on July 18, 2019.
             Slain by a hound (4 damage)
             ... on level 4 of the Dungeon.
             The game lasted 00:07:55 (5195 turns).

Atelerd the Conjurer (Octopode Wizard)              Turns: 5195, Time: 00:07:56

Health: 0/36       AC:  2    Str:  7    XL:     6   Next: 23%
Magic:  0/12       EV: 13    Int: 22    God:
Gold:   105        SH:  0    Dex: 10    Spells: 4/13 levels left

rFire    . . .     SeeInvis .   q - +1 hunting sling (flame)
rCold    . . .     Gourm    .   (no shield)
rNeg     . . .     Faith    .   a - +1 hat
rPois    .         Spirit   .   (no amulet)
rElec    .         Reflect  .   (no ring)
rCorr    .         Harm     .   (no ring)
MR       .....                  (no ring)
Stlth    +++.......             (no ring)
HPRegen  0.12/turn              (no ring)
MPRegen  0.13/turn              (no ring)
                                (no ring)
                                (no ring)

@: no status effects
A: almost no armour, stealthy swim, amphibious, 8 rings, constrict 8, camouflage
1, gelatinous body 1
a: no special abilities


You were on level 4 of the Dungeon.
You were not hungry.

You visited 1 branch of the dungeon, and saw 4 of its levels.

You collected 105 gold pieces.

Inventory:

Hand Weapons
 g - a +0 dagger
 q - a +1 hunting sling of flaming (weapon)
Missiles
 i - 16 poisoned darts (quivered)
Armour
 a - a +1 hat (worn)
Scrolls
 b - a scroll of random uselessness {unknown}
 f - a scroll of fog
 h - 4 scrolls of remove curse
 k - 3 scrolls of identify
 l - a scroll of fear {unknown}
 p - a scroll of enchant weapon {unknown}
Potions
 d - a potion of cancellation
Comestibles
 c - 6 rations


   Skills:
 - Level 2.0 Dodging
 - Level 2.6 Stealth
 + Level 4.3 Spellcasting
 * Level 5.0 Conjurations
   Level 1.0 Summonings
 - Level 1.0 Translocations


You had 4 spell levels left.
You knew the following spells:

 Your Spells              Type           Power        Failure   Level  Hunger
a - Magic Dart            Conj           ####         1%          1    None
b - Mephitic Cloud        Conj/Pois/Air  ##......     16%         3    ##.....
c - Blink                 Tloc           N/A          11%         2    #......
d - Conjure Flame         Conj/Fire      ###.....     12%         3    ##.....

Your spell library contained the following spells:

 Spells                   Type           Power        Failure   Level  Hunger
 Call Imp                 Summ           #.......     11%         2    #......
 Slow                     Hex            #.......     17%         2    #......


Dungeon Overview and Level Annotations

Branches:
Dungeon (4/15)
 Temple: D:4-7

Altars:

Annotations:
D:1 exclusion: downstairs
D:4 Duvessa


Innate Abilities, Weirdness & Mutations

You cannot wear most types of armour.
You are very stealthy in the water. (Stealth+)
You are amphibious.
You can wear up to eight rings at the same time.
You can use your tentacles to constrict eight enemies at once.
Your skin changes colour to match your surroundings (Stealth+).
Your rubbery body absorbs attacks. (AC +1, EV +1)


Message History

The hound closely misses you.
You see here a poisoned dart.
The hound looks more healthy.
A hound comes into view.
The hound barks!
The hound bites you.
* * * LOW HITPOINT WARNING * * *
The orc shouts!
Unknown command.
Casting: Mephitic Cloud (safe; 16% risk of failure)
Confirm with . or Enter, or press ? or * to list all spells.
You blink.
Found 21 sling bullets.
Casting: Blink (safe; 11% risk of failure)
Confirm with . or Enter, or press ? or * to list all spells.
Okay, then.
As you read the scroll labeled YRROQE ASUWNEMEA, it crumbles to dust.
It is a scroll of enchant armour.
Your +0 hat glows green for a moment.
The hound bites you.
You die...

#..# #..###### ....# ###..#
# ....###....#######.#####
####.........#.....(.#.#....
..........o..#.......#.#....
..).###........#######.#####
....#......#.#.# .#
#...[.###.....§##### #
#§h.### ###.###h@..# #...#
#. ##h......# ##### #
#.#.#.... ..#.# ### .## . .#
#. ( .. .. ..


You could see 2 hounds.

Vanquished Creatures
  A bullfrog (D:3)
  A worker ant (D:4)
  Robin (D:2)
  4 gnolls (D:2)
  2 adders (D:3)
  2 oozes
  2 worms
  4 dart slugs
  4 leopard geckos
  8 orcs
  6 giant cockroaches
  15 goblins
  12 hobgoblins
  4 jackals
  2 ball pythons
  8 bats
  3 frilled lizards
  7 kobolds
  4 rats
90 creatures vanquished.

Notes
Turn   | Place    | Note
-------+----------+-------------------------------------------
     0 | D:1      | Atelerd the Octopode Wizard began the quest for the Orb.
     0 | D:1      | Reached XP level 1. HP: 11/11 MP: 4/4
   661 | D:1      | Reached XP level 2. HP: 17/17 MP: 6/6
   997 | D:1      | Reached skill level 2 in Conjurations
  1185 | D:1      | Reached XP level 3. HP: 10/21 MP: 4/7
  1212 | D:1      | Learned a level 3 spell: Mephitic Cloud
  1215 | D:1      | Learned a level 2 spell: Blink
  2321 | D:2      | Noticed Robin
  2677 | D:2      | Reached skill level 3 in Conjurations
  2842 | D:2      | Killed Robin
  2842 | D:2      | Reached XP level 4. HP: 13/27 MP: 5/9
  3406 | D:2      | Reached XP level 5. HP: 21/31 MP: 0/10
  4102 | D:3      | Reached skill level 4 in Conjurations
  4366 | D:3      | Reached XP level 6. HP: 34/36 MP: 8/12
  4786 | D:3      | HP: 1/36 [poisoned by a worker ant]
  4840 | D:3      | Learned a level 3 spell: Conjure Flame
  5107 | D:4      | Noticed a phantom
  5127 | D:4      | Reached skill level 5 in Conjurations
  5133 | D:4      | Noticed Duvessa
  5195 | D:4      | Slain by a hound

Levels and vault maps discovered:
D:1:      noname_arrival_rooms_in_the_neighbourhood, layout_basic,
          minmay_door_square, st_stairs_7, minivault_14, minmay_hexomino_p4
D:2:      layout_basic, uniq_robin
D:3:      layout_loops_ring
D:4:      layout_rooms, grunt_temple_overflow_open,
          minmay_temple_entry_proselytizer, first_ration,
          serial_co_window_serial, co_window_corner_a, co_window_paths_b,
          co_window_cross_1, co_window_paths_a, co_window_corner_a,
          co_window_unsneaky_path_a, co_window_of_opportunity_b,
          co_window_broadway_c, glass_columns_a, glass_columns_c,
          glass_columns_a, glass_columns_a, glass_columns_a, uniq_duvessa,
          uniq_blork_the_orc, uniq_ijyb, uniq_edmund

Skill      XL: |  1  2  3  4  5  6 |
---------------+-------------------+-----
Conjurations   | 2 3 4 5 |  5.0
Spellcasting   | 4 |  4.3
Dodging        | |  2.0
Stealth        | |  2.6
Summonings     | |  1.0
Translocations | |  1.0

Action                   |  1- 3 |  4- 6 || total
-------------------------+-------+-------++-------
Melee: Unarmed           |    28 |       ||    28
       Constrict         |    16 |    13 ||    29
       Tentacles         |     5 |    11 ||    16
       Dagger            |    27 |    55 ||    82
 Fire: Hunting sling     |       |    73 ||    73
Throw: Dart              |       |    10 ||    10
 Cast: Magic Dart        |    59 |    40 ||    99
       Mephitic Cloud    |     2 |    10 ||    12
       Blink             |     2 |     3 ||     5
       Conjure Flame     |       |     2 ||     2
  Use: Scroll            |       |     6 ||     6
       Potion            |       |     3 ||     3
 Stab: Sleeping          |     6 |     3 ||     9
       Confused          |     1 |     1 ||     2
  Eat: Chunk             |     5 |     6 ||    11
       Ration            |       |     1 ||     1
Armor: Skin              |     9 |     9 ||    18
Dodge: Dodged            |    39 |    64 ||   103

Table legend:
 A = Non-vault XP
 B = Vault XP
 C = Vault XP percentage of total XP
 D = Non-vault monster count
 E = Vault monster count
 F = Vault count percentage of total count
                 A         B        C        D         E       F
            +---------+---------+-------+---------+---------+-------
      Total |     339 |      50 |  12.9 |      73 |      17 |  18.9
            +---------+---------+-------+---------+---------+-------
        D:1 |      44 |      17 |  27.9 |      24 |       7 |  22.6
        D:2 |      80 |      33 |  29.2 |      17 |      10 |  37.0
        D:3 |     170 |       0 |   0.0 |      27 |       0 |   0.0
        D:4 |      45 |       0 |   0.0 |       5 |       0 |   0.0
            +---------+---------+-------+---------+---------+-------
